 Dungeon Crawl Stone Soup version 0.27-a0-1137-g3ef0f4ec91 (webtiles) character file.

Game seed: 7086335367668060175

64 leviel the Covered (level 3, -6/33 HPs)
             Began as a Minotaur Fighter on May 6, 2021.
             Mangled by Scarexists's ghost (8 damage)
             ... on level 3 of the Dungeon.
             The game lasted 00:02:06 (2159 turns).

leviel the Covered (Minotaur Fighter)               Turns: 2159, Time: 00:02:08

Health: -6/33      AC:  7    Str: 21    XL:     3   Next: 91%
Magic:  2/2        EV:  5    Int:  5    God:
Gold:   86         SH: 14    Dex:  9    Spells: 2/2 levels left

rFire    . . .     SeeInvis .   a - +0 war axe
rCold    . . .     Faith    .   n - +0 tower shield
rNeg     . . .     Spirit   .   b - +0 scale mail
rPois    +         Reflect  .   (helmet restricted)
rElec    .         Harm     .   (no cloak)
rCorr    .         Rampage  .   (no gloves)
Will     .....                  (no boots)
Stlth    ..........             (no amulet)
HPRegen  0.11/turn              i - ring of poison resistance
MPRegen  0.08/turn              (no ring)

@: mighty
A: horns 2, retaliatory headbutt
a: no special abilities


You were on level 3 of the Dungeon.
You visited 1 branch of the dungeon, and saw 3 of its levels.

You collected 86 gold pieces.

Inventory:

Hand Weapons
 a - a +0 war axe (weapon)
Missiles
 j - 7 atropa-tipped darts (quivered)
Armour
 b - a +0 scale mail (worn)
 n - a +0 tower shield (worn)
Jewellery
 i - a ring of poison resistance (left hand)
Wands
 m - a wand of paralysis (9)
Scrolls
 c - a scroll of magic mapping {unknown}
 e - a scroll of acquirement {unknown}
 f - a scroll of fog {unknown}
 g - a scroll of vulnerability {unknown}
 h - 2 scrolls of brand weapon {unknown}
 l - 2 scrolls of noise {unknown}
 o - a scroll of identify {unknown}
Potions
 d - a potion of might
 k - a potion of flight {unknown}


   Skills:
 * Level 4.2 Fighting
 + Level 3.2 Axes
 + Level 0.1 Throwing
 + Level 4.6 Armour
 + Level 0.2 Dodging
 + Level 3.9 Shields


You had 2 spell levels left.
You didn't know any spells.
Your spell library was empty.

Dungeon Overview and Level Annotations

Branches:
Dungeon (3/15)

Altars:

Annotations:
D:3 Scarexists's ghost, amateur HuDe; Scarexists's ghost, weakling HuDe; pigah's ghost, amateur OpWn


Innate Abilities, Weirdness & Mutations

You have a pair of horns on your head.
You reflexively headbutt those who attack you in melee.


Message History

No target in view!
There is an open door here.
There is an open door here.
Scarexists's ghost turns its malevolent gaze towards you.
Found 42 gold pieces and a scroll labelled BANKA ZOURI.
You open the gate. Scarexists's ghost hits you!
You feel very mighty all of a sudden.
You hit Scarexists's ghost but do no damage.
Your headbutt misses Scarexists's ghost.
Pigah's ghost whispers something so quietly that you cannot hear it.
You block Scarexists's ghost's attack. Scarexists's ghost barely misses you.
You slash pigah's ghost! Your headbutt misses pigah's ghost.
Pigah's ghost is moderately damaged.
You slash Scarexists's ghost! You miss Scarexists's ghost.
Pigah's ghost hits you.
Scarexists's ghost hits you but does no damage.
You block Scarexists's ghost's attack. Pigah's ghost closely misses you.
You furiously retaliate!
You headbutt pigah's ghost! Scarexists's ghost hits you.
You slash Scarexists's ghost!
Scarexists's ghost is moderately damaged.
Your shield and scale mail prevent you from hitting pigah's ghost.
Your shield and scale mail prevent you from hitting Scarexists's ghost.
You block Scarexists's ghost's attack. Pigah's ghost hits you.
Scarexists's ghost barely misses you. You block Scarexists's ghost's attack.
You block pigah's ghost's attack. Scarexists's ghost hits you!
* * * LOW HITPOINT WARNING * * *
You closely miss Scarexists's ghost.
Scarexists's ghost is moderately damaged.
You closely miss pigah's ghost. You slash Scarexists's ghost!
Scarexists's ghost hits you.
* * * LOW HITPOINT WARNING * * *
You block pigah's ghost's attack. Scarexists's ghost hits you.
* * * LOW HITPOINT WARNING * * *
Scarexists's ghost barely misses you. You furiously retaliate!
You headbutt Scarexists's ghost! Pigah's ghost hits you.
* * * LOW HITPOINT WARNING * * *
Scarexists's ghost whispers, "The ORB doesn't exist."
Scarexists's ghost hits you!
You die...

.##....#.......................#
.####..#..####'#############...#
.####..#..#......#.⌠P?## #...#
.......#..#......#....8# #...#
.......#..#......#.....$ #...#
.####..#..#...##.'.....$ #...#
.# #..#..#...#..'.....8 #...# .#
#..#..#..[#WWW.....? #...# .#
#..#..#...#.@#.....$ .#(..# .#
#..#..#...'..#....8##..#...# .#
#..#..#...#..#.⌠P$##...#...# ##
#..#..#...#..#######...#...#
...#..#...#........#...#...# .
#..#..#...#####'####...#...# .#
#..#..#...........<....#...# .#
#..#..>.............#...# ..
#..#.........(......#.(.#


You could see 2 Scarexists's ghosts and pigah's ghost.

Vanquished Creatures
  A worm (D:2)
  3 dart slugs
  4 orcs (D:3)
  5 ball pythons (D:1)
  4 endoplasms
  A giant cockroach (D:2)
  6 goblins
  4 hobgoblins
  2 kobolds (D:1)
  2 quokkas
  10 bats
  3 frilled lizards
  5 rats
50 creatures vanquished.

Vanquished Creatures (others)
  2 withered plants (D:3)
2 creatures vanquished.

Grand Total: 52 creatures vanquished

Notes
Turn   | Place    | Note
-------+----------+-------------------------------------------
     0 | D:1      | leviel the Minotaur Fighter began the quest for the Orb.
     0 | D:1      | Reached XP level 1. HP: 19/19 MP: 0/0
   222 | D:1      | Reached XP level 2. HP: 27/27 MP: 1/1
   983 | D:1      | Reached XP level 3. HP: 33/33 MP: 2/2
  1375 | D:2      | Found a faded altar of an unknown god.
  2075 | D:3      | Found a runed translucent gate.
  2075 | D:3      | Found a runed translucent gate.
  2075 | D:3      | Found a runed translucent gate.
  2076 | D:3      | Noticed Scarexists's ghost (amateur HuDe)
  2077 | D:3      | Noticed pigah's ghost (amateur OpWn)
  2077 | D:3      | Noticed Scarexists's ghost (weakling HuDe)
  2159 | D:3      | Mangled by Scarexists's ghost

Illustrated notes

Levels and vault maps discovered:
D:1:      dpeg_arrival_stonehenge_8_columns, layout_basic, minivault_25
D:2:      layout_basic, hellmonk_ecumenical_altar_run_dry
D:3:      layout_basic, gammafunk_ghost_cemetery, chequers_avenue,
          kennysheep_nondescript

Skill      XL: |  1  2 |
---------------+-------+-----
Armour         | 4 |  4.6
Fighting       | 4 |  4.2
Axes           | 3 |  3.2
Throwing       | |  0.1
Dodging        | |  0.2
Shields        | |  3.9

Action                   || total
-------------------------++-------
Melee: War axe           ||    96
       Headbutt          ||    16
Throw: Dart              ||     5
  Use: Potion            ||     1
Armor: Scale mail        ||    42
Dodge: Dodged            ||    32
Block: Kite shield       ||    34
       Tower shield      ||    31

Table legend: (Time is in decaauts)
 A = Elapsed time spent in this place.
 B = Non-inter-level travel time spent in this place.
 C = Inter-level travel time spent in this place.
 D = Time resting spent in this place.
 E = Time spent auto-exploring this place.
 F = Levels seen in this place.
 G = Mean time per level.
                   A        B        C        D        E       F      G
               +--------+--------+--------+--------+--------+-----+--------+
         Total |   2221 |   2124 |     97 |      0 |   1799 |   3 |  740.3 |
       Dungeon |   2221 |   2124 |     97 |      0 |   1799 |   3 |  740.3 |
               +--------+--------+--------+--------+--------+-----+--------+

Top non-repeatable levels by time:
     D:1: 1218 daAuts
     D:2: 742 daAuts
     D:3: 259 daAuts
